 Dungeon Crawl Stone Soup version 0.19.0 (webtiles) character file.

2412 edsrzf the Cleaver (level 9, -3/80 HPs)
             Began as a Minotaur Gladiator on Nov 20, 2016.
             Was a Follower of Qazlal.
             Slain by a bullfrog (4 damage)
             ... on level 7 of the Dungeon.
             The game lasted 00:13:13 (5797 turns).

edsrzf the Cleaver (Minotaur Gladiator)             Turns: 5797, Time: 00:13:17

Health: -3/80      AC:  4    Str: 22    XL:     9   Next: 23%
Magic:  8/8        EV: 13    Int:  5    God:    Qazlal [*.....]
Gold:   602        SH:  1    Dex: 12    Spells: 0 memorised, 8 levels left

rFire  . . .     SeeInvis .     a - +0 war axe
rCold  . . .     Gourm    .     b - +0 leather armour
rNeg   . . .     Faith    .     (no shield)
rPois  .         Spirit   .     c - +0 hat
rElec  .         Reflect  .     k - +0 cloak
rCorr  .         Harm     .     (no gloves)
MR     .....                    (no boots)
Stlth  +++.......               (no amulet)
                                p - ring of stealth
                                q - ring of stealth

@: no status effects
A: retaliatory headbutt, horns 2
a: Renounce Religion


You were on level 7 of the Dungeon.
You worshipped Qazlal.
Qazlal was aware of your devotion.
You were not hungry.

You visited 2 branches of the dungeon, and saw 8 of its levels.
You also visited: Ossuary.

You collected 602 gold pieces.

Inventory:

Hand Weapons
 a - a +0 war axe (weapon)
Missiles
 d - 3 throwing nets {=f}
 o - 13 poisoned needles
Armour
 b - a +0 leather armour (worn)
 c - a +0 hat (worn)
 k - a +0 cloak (worn)
Jewellery
 i - an uncursed ring of flight
 p - a ring of stealth (right hand)
 q - a ring of stealth (left hand)
 K - an uncursed ring of ice
Wands
 G - a wand of flame (11/48)
 J - a wand of teleportation (4/9)
Scrolls
 j - 4 scrolls of remove curse {unknown}
 m - 2 scrolls of enchant armour {unknown}
 s - 2 scrolls of blinking {unknown}
 t - a scroll of teleportation {unknown}
 u - 5 scrolls of enchant weapon {unknown}
 v - a scroll of fog {unknown}
 x - a scroll of noise {unknown}
 y - a scroll of amnesia {unknown}
 z - a scroll of recharging {unknown}
 B - 3 scrolls of fear {unknown}
 H - 2 scrolls of magic mapping {unknown}
 I - 2 scrolls of immolation {unknown}
 M - a scroll of vulnerability {unknown}
Potions
 e - 4 potions of agility
 g - 3 potions of invisibility
 l - a potion of curing
 r - 2 potions of haste
 w - a potion of lignification
 A - a potion of heal wounds
 C - a potion of ambrosia
 D - a potion of flight
 E - a potion of brilliance
 F - a potion of cancellation
 Q - a potion of mutation {unknown}
Comestibles
 f - 6 bread rations
 h - 2 slices of pizza
 n - 6 fruits
 L - 2 beef jerkies
 N - a meat ration


   Skills:
 + Level 7.7 Fighting
 * Level 10.9 Axes
 + Level 6.7 Throwing
 - Level 3.2 Dodging


You had 8 spell levels left.
You didn't know any spells.

Dungeon Overview and Level Annotations

Branches:
Dungeon (7/15)             Temple (1/1) D:5

Altars:
Ashenzari
Cheibriados
Dithmenos
Elyvilon
Fedhas
Gozag
Hepliaklqana
Kikubaaqudgha
Nemelex Xobeh
Okawaru
Qazlal
Ru
Sif Muna
Trog
Uskayaw
Yredelemnul
Zin
The Shining One

Annotations:
D:3 Grinder


Innate Abilities, Weirdness & Mutations

You reflexively headbutt those who attack you in melee.
You have a pair of horns on your head.


Message History

The phantom barely misses you. You furiously retaliate!
You headbutt the phantom, but do no damage.
You closely miss the phantom.
The phantom is severely damaged.
The phantom blinks!
An orc comes into view. It is wielding a flail.
The phantom blinks!
A centaur comes into view.
An orc comes into view. It is wielding a dagger of venom.
The orc shouts!
The phantom blinks!
The phantom is sucked into a shaft!
The shaft crumbles and collapses.
An orc comes into view. It is wielding a flail.
The centaur shouts!
The orc shouts!
You slash the centaur!
The centaur is moderately wounded.
You slash the orc! The centaur closely misses you.
The orc hits you with a flail! The centaur misses you.
You slash the centaur! You headbutt the centaur.
The centaur is almost dead.
You slash the orc!
You kill the orc!
Qazlal accepts your kill. The centaur completely misses you.
You hit the centaur but do no damage.
The centaur is almost dead.
You closely miss the orc.
The centaur hits you but does no damage.
The orc hits you with a dagger of venom.
You are poisoned.
You slash the centaur!
You kill the centaur!
Qazlal accepts your kill.
You hit the orc but do no damage. x2; You feel sick.
The orc closely misses you. You furiously retaliate!
You headbutt the orc. The orc barely misses you. You furiously retaliate!
You headbutt the orc!
You kill the orc!
Qazlal accepts your kill. The orc hits you with a flail!
Items here: )) [ † a dagger of venom; a ring mail; a flail; an orc corpse You hit the orc.
You kill the orc!
Qazlal accepts your kill.
You feel sick.
Things that are here:
a shortbow; 21 arrows
Items here: )) [ † a dagger of venom; a ring mail; a flail; an orc corpse You feel sick.
Things that are here:
a flail; a leather armour You feel sick.
You feel sick.
You now have 585 gold pieces (gained 10).
You feel sick.
You are no longer poisoned.
A giant cockroach comes into view.
The giant cockroach bites you.
You barely miss the giant cockroach. You headbutt the giant cockroach.
You kill the giant cockroach!
Qazlal accepts your kill.
No target in view!
A hound skeleton comes into view.
The hound skeleton closely misses you.
You slash the hound skeleton! You headbutt the hound skeleton.
The hound skeleton is severely damaged.
The hound skeleton closely misses you.
You hit the hound skeleton. You headbutt the hound skeleton.
You destroy the hound skeleton!
Qazlal accepts your kill.
No target in view!
All of the chunks of flesh in your inventory have rotted away.
You now have 602 gold pieces (gained 17).
An ogre comes into view. It is wielding a giant spiked club.
The ogre shouts!
A bullfrog comes into view.
An orc comes into view.
You barely miss the ogre. The ogre closely misses you.
The bullfrog gives a loud, deep croak!
The orc shouts!
You slash the ogre! Your headbutt misses the ogre.
The ogre is moderately wounded.
The ogre closely misses you.
You hit the ogre but do no damage.
The ogre is moderately wounded.
The bullfrog barely misses you.
You hit the ogre.
The ogre is moderately wounded.
You slash the bullfrog!
The ogre hits you with a giant spiked club!!
The bullfrog hits you.
An orc comes into view. It is wielding a hand axe.
The orc shouts!
You hit the ogre. Your headbutt misses the ogre.
The ogre is severely wounded.
You closely miss the bullfrog. The bullfrog hits you.
The ogre hits you with a giant spiked club!!
* * * LOW HITPOINT WARNING * * *
The bullfrog hits you.
You die...

.......#
.......#
#.#
.########
o.##
..<.....#
.#.
.######..#
# #.. [#
####
#.####o.#
.# ......#
## #FO.#
###.@#
#..§.#
#....#
#.#..#
#....#
#.##.#
#.#..#
###.##
#...#


You could see an ogre, a bullfrog and 2 orcs.

Vanquished Creatures
  Pikel (D:5)
  Purgy (D:4)
  The ghost of Kave the Ruffian, an amateur TrTm (Ossuary)
  A sky beast (D:6)
  2 slaves (D:5)
  A phantom (D:6)
  4 ogres
  A centaur (D:7)
  2 bullfrogs
  2 scorpions
  3 crimson imps
  2 jellies
  An orc priest (D:5)
  A bullfrog skeleton (D:7)
  A centaur zombie (D:7)
  A hound (D:6)
  Crazy Yiuf (D:4)
  2 orc wizards
  3 worker ants
  3 iguanas (D:5)
  A big kobold zombie (Ossuary)
  8 mummies (Ossuary)
  2 hound skeletons
  A howler monkey zombie (D:6)
  A worker ant zombie (D:6)
  6 gnolls (D:6)
  7 adders
  2 oozes
  2 adder zombies
  3 worms
  A dart slug (D:1)
  3 leopard geckos
  14 orcs
  4 ball pythons
  11 bats
  4 giant cockroaches
  3 gnoll zombies (Ossuary)
  9 goblins
  7 hobgoblins
  22 jackals
  5 kobolds
  2 quokkas
  4 frilled lizards
  A hobgoblin zombie (Ossuary)
  2 kobold zombies (Ossuary)
  2 leopard gecko skeletons
  An orc zombie (Ossuary)
  A quokka skeleton (D:5)
  5 rats
168 creatures vanquished.

Notes
Turn   | Place    | Note
-------+----------+-------------------------------------------
     0 | D:1      | edsrzf the Minotaur Gladiator began the quest for the Orb.
     0 | D:1      | Reached XP level 1. HP: 18/18 MP: 0/0
   180 | D:1      | Reached XP level 2. HP: 25/25 MP: 1/1
   308 | D:1      | Reached skill level 4 in Axes
   717 | D:1      | Reached XP level 3. HP: 30/30 MP: 2/2
   922 | D:2      | Reached skill level 3 in Fighting
   922 | D:2      | Reached skill level 3 in Throwing
   993 | D:2      | You fall through a shaft!
   993 | D:3      | Found a blossoming altar of Fedhas.
  1032 | D:3      | Reached XP level 4. HP: 36/38 MP: 3/3
  1042 | D:3      | Identified 4 scrolls of identify
  1042 | D:3      | Identified 2 potions of invisibility
  1043 | D:3      | Identified 3 potions of agility
  1044 | D:3      | Identified a potion of degeneration
  1157 | D:3      | Noticed Grinder
  1161 | D:3      | Paralysed by Grinder for 2 turns
  1464 | D:2      | Found an opulent altar of Gozag.
  1581 | D:2      | Reached skill level 5 in Axes
  1763 | D:3      | Found a glowing golden altar of the Shining One.
  1803 | D:3      | Identified a potion of haste
  1856 | D:3      | Reached XP level 5. HP: 44/46 MP: 4/4
  2527 | D:4      | Found a sand-covered staircase.
  2530 | D:4      | Identified a potion of lignification
  2539 | Ossuary  | Entered an ossuary
  2572 | Ossuary  | Reached skill level 4 in Fighting
  2572 | Ossuary  | Reached skill level 4 in Throwing
  2583 | Ossuary  | Noticed Kave's ghost (amateur TrTm)
  2595 | Ossuary  | Killed Kave's ghost
  2595 | Ossuary  | Reached skill level 6 in Axes
  2595 | Ossuary  | Reached XP level 6. HP: 29/52 MP: 5/5
  2775 | Ossuary  | Identified 2 potions of heal wounds
  2981 | Ossuary  | Identified a potion of ambrosia
  3075 | D:4      | Noticed Purgy
  3083 | D:4      | Killed Purgy
  3083 | D:4      | Reached skill level 7 in Axes
  3083 | D:4      | Reached XP level 7. HP: 43/60 MP: 6/6
  3293 | D:4      | Found a runed door.
  3297 | D:4      | Noticed Crazy Yiuf
  3302 | D:4      | Killed Crazy Yiuf
  3353 | D:4      | Reached skill level 5 in Fighting
  3364 | D:4      | Identified a potion of curing
  3673 | D:5      | Entered Level 5 of the Dungeon
  4060 | D:5      | Reached skill level 8 in Axes
  4060 | D:5      | Reached skill level 5 in Throwing
  4125 | D:5      | Found a snail-covered altar of Cheibriados.
  4154 | D:5      | Noticed Pikel
  4189 | D:5      | Killed Pikel
  4189 | D:5      | Reached skill level 6 in Fighting
  4189 | D:5      | Reached skill level 9 in Axes
  4189 | D:5      | Reached XP level 8. HP: 40/71 MP: 7/7
  4194 | D:5      | Found a sacrificial altar of Ru.
  4327 | D:5      | Found a staircase to the Ecumenical Temple.
  4328 | D:5      | Identified a potion of flight
  4329 | D:5      | Identified a potion of brilliance
  4387 | Temple   | Entered the Ecumenical Temple
  4568 | D:6      | Identified a potion of cancellation
  4586 | D:6      | Found a stormy altar of Qazlal.
  4596 | D:6      | Became a worshipper of Qazlal Stormbringer
  4624 | D:6      | Reached skill level 6 in Throwing
  4706 | D:6      | Reached skill level 7 in Fighting
  4706 | D:6      | Reached skill level 10 in Axes
  4883 | D:6      | Reached XP level 9. HP: 23/79 MP: 8/8
  5203 | D:6      | Found a bloodstained altar of Trog.
  5556 | D:7      | Reached * piety under Qazlal
  5797 | D:7      | HP: 1/80 [ogre/giant spiked club (25)]
  5797 | D:7      | Slain by a bullfrog

Skill      XL: |  1  2  3  4  5  6  7  8 |
---------------+-------------------------+-----
Axes           | 4 5 6 7 9 10 | 10.9
Fighting       | 3 4 6 7 |  7.7
Throwing       | 3 4 5 6 |  6.7
Dodging        | |  3.2

Action                   |  1- 3 |  4- 6 |  7- 9 || total
-------------------------+-------+-------+-------++-------
Melee: War axe           |    72 |   133 |   226 ||   431
       Headbutt          |     4 |    16 |    43 ||    63
  Use: Scroll            |       |     7 |     4 ||    11
       Potion            |       |       |     1 ||     1
 Stab: Sleeping          |       |     6 |     6 ||    12
       Distracted        |       |       |     1 ||     1
  Eat: Chunk             |       |     5 |     9 ||    14
       Royal jelly       |       |     1 |       ||     1
Armor: Leather armour    |    32 |    20 |    48 ||   100
Dodge: Dodged            |    70 |    83 |   146 ||   299
Block: Other             |       |       |     1 ||     1
